 Dungeon Crawl Stone Soup version 0.19-a0-1886-gd64a0f0 (webtiles) character file.

49639 MrRokkomies the Transmogrifier (level 14, 0/66 HPs)
             Began as a Felid Enchanter on Oct 9, 2016.
             Was a High Priest of Fedhas.
             Slain by a deep elf knight
             ... wielding a +0 long sword
              (21 damage)
             ... on level 1 of the Elven Halls on Oct 15, 2016.
             The game lasted 03:36:49 (43673 turns).

MrRokkomies the Transmogrifier (Felid Enchanter)   Turns: 43673, Time: 03:36:49

Health: 0/66       AC:  3    Str:  4    XL:     14   Next: 16%
Magic:  25/25      EV: 29    Int: 23    God:    Fedhas [*****.]
Gold:   2754       SH:  0    Dex: 17    Spells: 8 memorised, 0 levels left
                                        Lives:  0   Deaths: 4

rFire  + . .     SeeInvis +       - Unarmed
rCold  + . .     Gourm    .     (armour unavailable)
rNeg   + . .     Faith    +     (shield unavailable)
rPois  .         Spirit   .     (helmet unavailable)
rElec  .         Dismiss  .     (cloak unavailable)
rCorr  .         Reflect  .     (gloves unavailable)
MR     +++..     Harm     .     (boots unavailable)
Stlth  +++++.....               p - amulet of faith
                                w - ring of positive energy
                                q - ring "Huolin" {+Fly rF+ MR+}

@: drained, quick
A: no armour, no weapons or thrown items, stealth, claws 1, fangs 3, see
invisible, carnivore 3, speed 1, shaggy fur 3, slow metabolism 1, sharp paws
a: Fungal Bloom, Evolution, Sunlight, Growth, Reproduction, Rain, Renounce
Religion, Evoke Flight


You were on level 1 of the Elven Halls.
You worshipped Fedhas.
Fedhas was extremely pleased with you.
You were not hungry.

You visited 6 branches of the dungeon, and saw 28 of its levels.
You also visited: Ice Cave.

You collected 3210 gold pieces.
You spent 456 gold pieces at shops.

Inventory:

Jewellery
 g - an uncursed ring of ice
 p - an amulet of faith (around neck)
 q - the ring "Huolin" (left paw) {+Fly rF+ MR+}
   (You found it in an ice cave)

   [ring of flight]

   It protects you from fire.
   It affects your resistance to hostile enchantments.
   It lets you fly.
 w - a ring of positive energy (right paw)
 K - an uncursed ring of poison resistance
 O - a +3 ring of evasion
 T - an uncursed ring of protection from fire
Wands
 a - a wand of flame (11/48)
 d - a wand of teleportation (5/9)
 n - a wand of lightning (6/15)
 r - a wand of lightning (10/15)
 y - a wand of lightning (10/15)
 C - a wand of paralysis (7/24)
 G - a wand of digging (10/24)
Scrolls
 i - a scroll of amnesia
 l - 2 scrolls of blinking
 o - 2 scrolls of fog
 t - 2 scrolls of immolation
 v - 9 scrolls of identify
 I - 4 scrolls of teleportation
 L - 4 scrolls of magic mapping
 M - 4 scrolls of recharging
 N - 2 scrolls of fear
 X - 2 scrolls of remove curse
Potions
 e - 5 potions of resistance
 f - 4 potions of flight
 j - 3 potions of cancellation
 k - 6 potions of might
 m - 5 potions of lignification
 s - 6 potions of curing
 x - 3 potions of haste
 z - 3 potions of brilliance
 A - a potion of ambrosia
 B - a potion of agility
 E - a potion of invisibility
 F - 3 potions of magic
 W - a potion of berserk rage
Books
 H - a book of Maledictions

   Spells                             Type                      Level
   a - Corona                         Hexes                        1
   b - Ensorcelled Hibernation        Hexes/Ice                    2
   c - Confuse                        Hexes                        3
   d - Tukima's Dance                 Hexes                        3
   e - Dazzling Spray                 Conjuration/Hexes            3
 Y - a book of the Earth

   Spells                             Type                      Level
   a - Leda's Liquefaction            Hexes/Earth                  4
   b - Bolt of Magma                  Conjuration/Fire/Earth       5
   c - Statue Form                    Transmutation/Earth          6
   d - Iron Shot                      Conjuration/Earth            6
   e - Shatter                        Earth                        9
Miscellaneous
 u - a phial of floods
Comestibles
 b - 8 meat rations
 c - 6 beef jerkies
 h - 4 royal jellies
 D - a slice of pizza
 V - 22 fruits


   Skills:
 - Level 10.0(9.7) Fighting
 * Level 13.5(13.2) Dodging
 - Level 10.3(10.0) Stealth
 - Level 12.0(11.7) Unarmed Combat
 - Level 7.0(6.8) Spellcasting
 * Level 9.6(9.4) Conjurations
 - Level 12.0(11.7) Hexes
 - Level 14.0(13.7) Transmutations
 * Level 10.3(10.1) Earth Magic
 - Level 10.0(9.7) Invocations


You couldn't memorise any spells.
You knew the following spells:

 Your Spells              Type           Power        Failure   Level  Hunger
a - Dazzling Spray        Conj/Hex       ######       1%          3    None
b - Iron Shot             Conj/Erth      ######....   21%         6    ######.
c - Confuse               Hex            ######..     1%          3    None
d - Confusing Touch       Hex            ######       1%          1    None
e - Tukima's Dance        Hex            ######..     1%          3    None
f - Statue Form           Tmut/Erth      ######...    12%         6    ######.
g - Passwall              Tmut/Erth      ######....   1%          2    None
h - Stone Arrow           Conj/Erth      ######       1%          3    None


Dungeon Overview and Level Annotations

Branches:
Dungeon (15/15)            Temple (1/1) D:5            Lair (6/6) D:11
 Shoals (0/4) Lair:2        Snake (3/4) Lair:4        Slime (0/5) Lair:6
    Orc (2/2) D:11            Elf (1/3) Orc:2        Vaults (0/5) D:13
 Depths (0/5) D:15

Altars:
Ashenzari
Cheibriados
Dithmenos
Elyvilon
Fedhas
Gozag
Hepliaklqana
Kikubaaqudgha
Makhleb
Nemelex Xobeh
Okawaru
Qazlal
Ru
Sif Muna
Trog
Uskayaw
Vehumet
Xom
Yredelemnul
Zin
The Shining One
Jiyva

Shops:
D:4 ?   D:5 *   D:10 =   Orc:2 !?[:   Snake:2 (

Portals:
Pandemonium: Orc:2

Annotations:
Lair:6 1 runed door


Innate Abilities, Weirdness & Mutations

You cannot wear armour.
You are incapable of wielding weapons or throwing items.
Your paws allow you to move quietly. (Stealth)
You have sharp claws.
You have razor-sharp teeth.
You have supernaturally acute eyesight. (SInv)
You are carnivorous and can eat meat at any time.
You cover ground quickly.
Your thick and shaggy fur keeps you warm. (AC +3, rC+)
You have a slow metabolism.
Your sharp claws are effective at attacking unaware monsters.


Message History

Things that are here:
a rapier; a leather armour; an elf corpse You barely miss the deep elf knight.
The deep elf knight is severely wounded.
The deep elf knight seems less confused.
The deep elf knight misses you.
You claw the deep elf knight!
The deep elf knight is almost dead.
The deep elf knight mumbles some strange words.
The deep elf knight flickers and vanishes for a moment.
You scratch the deep elf knight.
The deep elf knight is almost dead.
You completely miss the deep elf knight.
The deep elf knight is almost dead.
The deep elf knight hits you with a long sword!
You closely miss the deep elf knight.
The deep elf knight is almost dead.
The deep elf knight hits you with a long sword!!
You die...
Fedhas appreciates your contribution to the ecosystem.

##+###'## #..# ##.....
##.......# #..# ##''##
#........# #..# #..#
#........# #..# #..#
#........# #..######..##
#........###..##.....>..
+........'............##
+........'.......######
#......@)####..###
#.....e..# #..#
##.......# #..#
##......# #..# #++#####
#..# #..#


You could see a deep elf knight (invisible).

Vanquished Creatures
  Donald (Snake:2)
  A nagaraja (Snake:1)
  A caustic shrike skeleton (D:15)
  A stone giant (Orc:2)
  Josephine (D:14)
  The ghost of Cirk the Spear-Bearer, a journeyman TeGl of Hepliaklqana (Lair:5)
  The ghost of Anmu the Cleaver, a journeyman FoFi of Hepliaklqana (Orc:2)
  5 naga warriors
  4 vault guards (D:13)
  2 ice dragons (IceCv)
  2 hydras
  4 centaur warriors
  3 anacondas
  Erica (D:8)
  A death yak (Lair:6)
  3 ogre magi
  A naga sharpshooter (Snake:3)
  4 shock serpents
  2 orc high priests (Orc:2)
  Nergalle (Lair:3)
  A sixfirhy (Orc:2)
  A skeletal warrior (D:15)
  A salamander mystic (Snake:3)
  2 unseen horrors
  A wizard (D:14)
  2 naga ritualists (Snake:1)
  A deep elf archer (D:13)
  3 hill giants
  Pikel (D:6)
  6 orc knights
  A lindwurm (Lair:4)
  A gelid demonspawn (Orc:2)
  A necromancer (D:15)
  6 orc sorcerers (Orc:2)
  5 ugly things
  2 deep elf magi
  3 mana vipers
  4 salamanders
  5 manticores
  3 cyclopes
  7 elephants
  19 black mambas
  2 frost giant skeletons (D:15)
  The ghost of TZer0 the Martial Artist, a novice OpTm of Cheibriados (D:6)
  12 naga magi
  A guardian serpent (D:10)
  2 ice statues (IceCv)
  A torpor snail (Lair:5)
  2 gargoyles
  8 spiny frogs
  A yaktaur (D:13)
  A freezing wraith (D:14)
  8 rime drakes
  An efreet (D:14)
  5 komodo dragons
  A kobold demonologist (D:14)
  A queen bee (Lair:4)
  6 trolls
  A harpy skeleton (D:14)
  4 two-headed ogres
  Grinder (D:4)
  4 blink frogs
  9 hippogriffs
  3 vampires
  Sigmund (D:5)
  3 wraiths (D:14)
  2 centaur simulacra
  A shadow (D:13)
  Grum (D:8)
  4 wyverns
  4 basilisks
  54 yaks
  5 wandering mushrooms
  3 fire elementals (Snake:1)
  A mottled dragon (D:14)
  6 vampire mosquitoes (D:14)
  2 wargs
  20 nagas
  Edmund (D:6)
  5 dancing weapons
  A hell hound (Snake:1)
  9 water moccasins
  7 porcupines
  2 eyes of draining
  24 ice beasts
  5 sky beasts
  2 slaves (D:6)
  14 ogres
  3 black bears
  28 orc warriors
  4 phantoms
  15 centaurs
  25 wolves
  15 crocodiles
  2 big kobolds (D:14)
  18 bullfrogs
  A water moccasin zombie (D:8)
  3 scorpions
  2 wyvern skeletons
  A water moccasin skeleton (D:9)
  12 killer bees
  2 wights (D:13)
  5 howler monkeys
  7 crimson imps
  6 hounds
  5 jellies
  3 bullfrog skeletons
  5 centaur skeletons
  22 orc priests
  24 orc wizards
  Natasha (D:2)
  2 iguanas
  9 worker ants
  A hound skeleton (D:5)
  A howler monkey zombie (D:5)
  Robin (D:2)
  13 adders
  2 shadow imps
  2 adder zombies
  8 worms
  3 dart slugs
  10 leopard geckos
  80 orcs
  5 ball pythons
  13 giant cockroaches
  5 hobgoblins
  13 jackals
  8 quokkas
  A ball python skeleton (D:6)
  6 bats
  10 frilled lizards
  18 goblins
  8 kobolds
  15 rats
  4 toadstools
815 creatures vanquished.

Vanquished Creatures (collateral kills)
  Rupert (Lair:6)
  Aizul (Snake:1)
  Azrael (Snake:1)
  5 hydras
  2 catoblepae
  A deep troll shaman (Lair:6)
  5 death yaks
  2 naga sharpshooters (Snake:1)
  An orc high priest (Orc:2)
  A tengu warrior (D:14)
  A shock serpent (Snake:1)
  A skeletal warrior (D:15)
  A salamander mystic (Snake:2)
  A phantasmal warrior (D:15)
  2 hill giants
  2 mana vipers (Snake:1)
  An orc knight (Orc:1)
  5 orc sorcerers
  A deep elf mage (D:15)
  2 salamanders (Snake:1)
  13 elephants
  A smoke demon (Orc:2)
  An orange demon (Orc:2)
  A naga mage (Snake:1)
  2 black mambas
  3 spiny frogs (Lair:4)
  2 rime drakes (Lair:4)
  2 komodo dragons
  2 red devils (Orc:2)
  A polar bear (Lair:6)
  2 two-headed ogres
  3 meliai (Lair:4)
  3 blink frogs
  4 hippogriffs
  6 dream sheep (Lair:4)
  A deep troll skeleton (D:15)
  15 yaks
  A wraith (D:15)
  A basilisk (Lair:2)
  A wyvern (Lair:4)
  11 nagas
  A warg (D:15)
  13 orc warriors
  2 slaves (D:6)
  A wolf (shapeshifter) (D:15)
  A centaur (D:12)
  6 ogres
  4 wolves (Lair:6)
  2 crocodiles
  A bullfrog (Lair:4)
  25 killer bees
  A wight (D:13)
  A hound (D:13)
  A jelly (D:15)
  7 orc wizards
  3 orc priests (Orc:2)
  A river rat (Lair:4)
  A shadow imp (D:14)
  16 orcs
200 creatures vanquished.

Vanquished Creatures (others)
  3 oklob plants
  A wolf spider zombie (D:14)
  A redback zombie (D:14)
  A naga (Snake:3)
  23 dancing weapons
  A hell hound (Snake:1)
  An ogre (D:11)
  An orc priest (Orc:2)
  41 wandering mushrooms
  16 fungi
  5 plants
  807 toadstools
  A withered plant (D:15)
902 creatures vanquished.

Grand Total: 1917 creatures vanquished

Notes
Turn   | Place    | Note
-------+----------+-------------------------------------------
     0 | D:1      | MrRokkomies the Felid Enchanter began the quest for the Orb.
     0 | D:1      | Reached XP level 1. HP: 7/7 MP: 4/4
   660 | D:1      | Reached XP level 2. HP: 11/11 MP: 4/6
   664 | D:1      | Learned a level 2 spell: Ensorcelled Hibernation
  1629 | D:1      | Reached skill level 5 in Hexes
  1872 | D:1      | Reached XP level 3. HP: 14/14 MP: 7/7
  2231 | D:2      | HP: 1/21 [adder (3)]
  3094 | D:2      | Noticed Robin
  3306 | D:2      | Learned a level 3 spell: Confuse
  3379 | D:2      | Reached XP level 4. HP: 16/18 MP: 0/8
  3915 | D:2      | Reached skill level 5 in Stealth
  4080 | D:2      | Noticed Natasha
  4093 | D:2      | Killed Natasha
  4093 | D:2      | Reached skill level 1 in Fighting
  4892 | D:2      | Killed Robin
  4892 | D:2      | Reached XP level 5. HP: 22/22 MP: 1/9
  5465 | D:3      | Learned a level 1 spell: Confusing Touch
  5942 | D:3      | Gained mutation: You are covered in thick fur. (AC +2) [Felid growth]
  5942 | D:3      | Reached XP level 6. HP: 10/27 MP: 1/10
  6331 | D:4      | Found Oppue's Magic Scroll Shop.
  6336 | D:4      | Bought a scroll of identify for 22 gold pieces
  6336 | D:4      | Bought a scroll of fog for 22 gold pieces
  6341 | D:4      | Noticed Grinder
  6357 | D:4      | Killed Grinder
  6357 | D:4      | Reached skill level 5 in Unarmed Combat
  6544 | D:4      | Reached XP level 7. HP: 32/32 MP: 3/11
  7383 | D:4      | Reached skill level 5 in Fighting
  7431 | D:5      | Entered Level 5 of the Dungeon
  7591 | D:5      | Found a staircase to the Ecumenical Temple.
  7611 | Temple   | Entered the Ecumenical Temple
  7850 | Temple   | Became a worshipper of Fedhas Madash
  8003 | D:5      | Found Nyetz's General Store.
  8211 | D:5      | Noticed Sigmund
  8221 | D:5      | Killed Sigmund
  8221 | D:5      | Reached XP level 8. HP: 37/37 MP: 8/12
  8690 | D:6      | Noticed TZer0's ghost (novice OpTm)
  8985 | D:5      | Reached skill level 5 in Dodging
  9309 | D:6      | Killed TZer0's ghost
  9600 | D:6      | Reached * piety under Fedhas
  9829 | D:6      | Noticed Pikel
  9903 | D:6      | Slain by Pikel
  9904 | D:6      | Reached XP level 7. HP: -5/33 MP: 11/11
 10009 | D:6      | Reached XP level 8. HP: 12/37 MP: 8/12
 10426 | D:6      | Killed Pikel
 10597 | D:6      | Noticed Edmund
 10609 | D:6      | Killed Edmund
 10983 | D:7      | Noticed a hippogriff
 10995 | D:7      | Killed a hippogriff
 10995 | D:7      | Reached XP level 9. HP: 30/40 MP: 11/13
 11208 | D:6      | Learned a level 3 spell: Tukima's Dance
 11233 | D:7      | Reached skill level 10 in Dodging
 11800 | D:8      | Reached skill level 10 in Unarmed Combat
 11870 | D:8      | Noticed Grum
 11881 | D:8      | Killed Grum
 12111 | D:8      | Noticed Erica
 12130 | D:8      | Killed Erica
 12130 | D:8      | Reached XP level 10. HP: 44/44 MP: 4/14
 13007 | D:5      | Bought a scroll of identify for 30 gold pieces
 13007 | D:5      | Bought a cursed ring of poison resistance for 255 gold pieces
 13007 | D:5      | Bought a scroll of identify for 30 gold pieces
 13007 | D:5      | Bought a scroll of magic mapping for 52 gold pieces
 13007 | D:5      | Bought a potion of curing for 45 gold pieces
 13621 | D:10     | Entered Level 10 of the Dungeon
 13635 | D:10     | Found Xen Wera's Jewellery Emporium.
 13709 | D:10     | Noticed a guardian serpent
 13736 | D:10     | Killed a guardian serpent
 13777 | D:10     | Reached ** piety under Fedhas
 14470 | D:10     | Reached XP level 11. HP: 48/48 MP: 16/18
 14770 | D:11     | Noticed a brown ugly thing
 14778 | D:11     | Noticed a hill giant
 14816 | D:11     | Noticed a cyan ugly thing
 14827 | D:11     | Killed a cyan ugly thing
 14827 | D:11     | Reached skill level 5 in Spellcasting
 14835 | D:11     | Found a staircase to the Lair.
 14949 | D:11     | Found a staircase to the Orcish Mines.
 15012 | D:11     | Reached skill level 1 in Invocations
 15222 | D:11     | Killed a brown ugly thing
 15351 | D:11     | Reached skill level 10 in Hexes
 15386 | D:11     | Killed a hill giant
 15804 | Lair:1   | Entered Level 1 of the Lair of Beasts
 16211 | Lair:1   | Reached skill level 5 in Invocations
 16232 | Lair:1   | Reached *** piety under Fedhas
 16281 | Lair:1   | HP: 2/50 [blink frog (7)]
 16412 | Lair:1   | Noticed a five-headed hydra
 16429 | Lair:1   | Killed a five-headed hydra
 17132 | Lair:2   | Gained mutation: Your thick and shaggy fur keeps you warm. (AC +3, rC+) [Felid growth]
 17132 | Lair:2   | Reached XP level 12. HP: 53/56 MP: 14/20
 17148 | Lair:2   | Found a staircase to the Shoals.
 17804 | Lair:2   | Noticed a six-headed hydra
 17810 | Lair:2   | Killed a six-headed hydra
 17923 | Lair:3   | Noticed Nergalle
 17924 | Lair:3   | Killed Nergalle
 18038 | Lair:3   | Reached skill level 10 in Fighting
 18100 | Lair:3   | Upgraded the game from 0.19-a0-1841-gf1e0166 to 0.19-a0-1852-gc11d922
 18711 | Lair:3   | Noticed a seven-headed hydra
 18717 | Lair:3   | Killed a seven-headed hydra
 18917 | Lair:3   | Learned a level 6 spell: Statue Form
 19032 | Lair:4   | Found a staircase to the Snake Pit.
 19415 | Lair:4   | HP: 2/58 [meliai/divine providence (13)]
 19425 | Lair:4   | Reached skill level 1 in Transmutations
 19538 | Lair:4   | Reached skill level 2 in Transmutations
 19573 | Lair:4   | Reached **** piety under Fedhas
 19691 | Lair:4   | Reached skill level 3 in Transmutations
 19876 | Lair:4   | Noticed a death yak
 19881 | Lair:4   | Reached skill level 4 in Transmutations
 19886 | Lair:4   | Reached XP level 13. HP: 52/61 MP: 17/21
 20078 | Lair:4   | Reached skill level 5 in Transmutations
 20299 | Lair:4   | Reached skill level 10 in Invocations
 20392 | Lair:5   | Reached skill level 1 in Earth Magic
 20412 | Lair:5   | Reached skill level 6 in Transmutations
 20637 | Lair:5   | Reached skill level 7 in Transmutations
 20833 | Lair:5   | Learned a level 2 spell: Passwall
 20837 | Lair:5   | Learned a level 3 spell: Stone Arrow
 21071 | Lair:5   | Noticed Cirk's ghost (journeyman TeGl)
 21096 | Lair:5   | Killed Cirk's ghost
 21375 | Lair:5   | Reached skill level 8 in Transmutations
 21820 | Lair:5   | Reached skill level 9 in Transmutations
 22092 | Lair:5   | Upgraded the game from 0.19-a0-1852-gc11d922 to 0.19-a0-1861-g35def1e
 22119 | Lair:6   | Entered Level 6 of the Lair of Beasts
 22162 | Lair:6   | Found a runed door.
 22162 | Lair:6   | Found a viscous altar of Jiyva.
 22163 | Lair:6   | Found a staircase to the Slime Pits.
 22209 | Lair:6   | Reached skill level 10 in Transmutations
 22242 | Lair:6   | Reached skill level 5 in Earth Magic
 22344 | Lair:6   | Noticed Rupert
 22347 | Lair:6   | Paralysed by Rupert for 5 turns
 22362 | Lair:6   | Killed Rupert
 22501 | Lair:6   | Reached skill level 11 in Transmutations
 23186 | Lair:6   | Reached skill level 12 in Transmutations
 23583 | Lair:6   | Reached XP level 14. HP: 66/66 MP: 22/22
 24086 | Orc:1    | Entered Level 1 of the Orcish Mines
 24364 | Orc:1    | Reached ***** piety under Fedhas
 24402 | Orc:1    | Reached skill level 13 in Transmutations
 24761 | Orc:2    | Entered Level 2 of the Orcish Mines
 24812 | Orc:2    | Noticed a stone giant
 24887 | Orc:2    | Killed a stone giant
 25175 | Orc:2    | Found Ucurrof's Distillery.
 25176 | Orc:2    | Found Usumoisu's Magic Scroll Boutique.
 26256 | Orc:2    | Noticed Anmu's ghost (journeyman FoFi)
 26293 | Orc:2    | Killed Anmu's ghost
 26456 | Orc:2    | Upgraded the game from 0.19-a0-1861-g35def1e to 0.19-a0-1870-gc32fe5a
 27449 | Orc:2    | Reached skill level 14 in Transmutations
 27498 | Orc:2    | Reached skill level 1 in Conjurations
 27615 | Orc:2    | Found Fazareb's Book Emporium.
 27615 | Orc:2    | Found a one-way gate leading to the halls of Pandemonium.
 27615 | Orc:2    | Found Maquam's Antique Armour Shoppe.
 27680 | Orc:2    | Found a staircase to the Elven Halls.
 31354 | D:13     | Slain by a vault guard
 31355 | D:13     | Reached XP level 13. HP: -2/61 MP: 17/21
 31523 | D:13     | Found a gate to the Vaults.
 31836 | D:13     | Reached skill level 10 in Earth Magic
 32144 | D:14     | Reached skill level 5 in Conjurations
 32178 | D:14     | Reached XP level 14. HP: 66/66 MP: 22/22
 32274 | D:14     | Found a shattered altar of Ashenzari.
 32549 | D:14     | Noticed Josephine
 32574 | D:14     | Killed Josephine
 33465 | D:15     | Entered Level 15 of the Dungeon
 33465 | D:15     | Found a staircase to the Depths.
 33636 | D:15     | Found a frozen archway.
 33702 | IceCv    | Entered an ice cave
 34004 | IceCv    | Got a shimmering bronze ring
 34008 | IceCv    | Got a scorched steel ring
 34012 | IceCv    | Got a bound granite ring
 34018 | IceCv    | Identified the ring "Huolin" {+Fly rF+ MR+} (You found it in an ice cave)
 34020 | IceCv    | Identified the cursed ring "Miunoin" {Int+4 Dex-3} (You found it in an ice cave)
 34024 | IceCv    | Identified the cursed ring of Xom's Entertainment {Int+2 Dex+5 Slay-2} (You found it in an ice cave)
 34578 | Lair:4   | Learned a level 3 spell: Dazzling Spray
 35127 | D:15     | Reached ****** piety under Fedhas
 35588 | D:15     | Upgraded the game from 0.19-a0-1870-gc32fe5a to 0.19-a0-1879-gd95bc26
 35686 | D:15     | Found a sacrificial altar of Ru.
 36499 | Snake:1  | Entered Level 1 of the Snake Pit
 36779 | Snake:1  | Reached XP level 15. HP: 33/69 MP: 25/25
 37463 | Snake:1  | Noticed Azrael
 37832 | Snake:1  | HP: 1/69 [naga sharpshooter/arrow (24)]
 37839 | Snake:1  | Killed Azrael
 38016 | Snake:1  | Noticed Aizul
 38022 | Snake:1  | Killed Aizul
 38725 | Snake:1  | Learned a level 6 spell: Iron Shot
 38890 | Snake:2  | Noticed a nagaraja
 38897 | Snake:1  | Upgraded the game from 0.19-a0-1879-gd95bc26 to 0.19-a0-1886-gd64a0f0
 39279 | Snake:1  | Slain by a black mamba
 39280 | Snake:1  | Reached XP level 14. HP: 0/85 MP: 22/25
 39353 | Snake:1  | Killed a nagaraja
 39705 | Snake:2  | Found a glowing golden altar of the Shining One.
 39722 | Snake:2  | Noticed Donald
 39747 | Snake:2  | Slain by Donald
 39748 | Snake:2  | Reached XP level 13. HP: -2/61 MP: 24/24
 39798 | Snake:2  | Found Leorid's Weapon Shoppe.
 40028 | Snake:2  | Killed Donald
 41177 | Snake:3  | Reached skill level 10 in Stealth
 42734 | Snake:3  | Reached XP level 14. HP: 50/66 MP: 16/25
 43427 | Elf:1    | Entered Level 1 of the Elven Halls
 43673 | Elf:1    | Slain by a deep elf knight

Vault maps used:
D:1:      zaba_arrival_water
D:2:      minmay_misc_feat_tiny, minmay_misc_feat_alley, uniq_robin,
          uniq_natasha
D:3:      minmay_roachtagon, first_bread
D:4:      serial_shops, nicolae_shop_stone, serial_aquarium,
          aquarium_bridge_square, aquarium_window_corridor_3,
          aquarium_window_corner, aquarium_window_double, aquarium_view_2g,
          uniq_grinder
D:5:      serial_shops, nicolae_shop_competitors_out_of_business, uniq_sigmund
D:6:      item_on_display_a, uniq_edmund, uniq_pikel
D:8:      minmay_bloctagon_deflated, uniq_erica, uniq_grum
D:10:     serial_shops, kennysheep_little_box, nrook_guardian_serpent_double
D:11:     lair_0_dummy, orc_0_dummy
D:13:     grunt_vaults_entry_fortified
D:14:     basic_altar, serial_park_avenue1, blue_anna_alchemist, uniq_josephine
D:15:     gammafunk_depths_entry_grave, portal_ice_cave_entry_ice_beasts,
          nicolae_ru_path_of_blood
Temple:   nicolae_temple_the_god_donut
Lair:2:   minmay_shoals_entry_beasts, lemuel_fruit_tree
Lair:3:   minivault_25, uniq_nergalle
Lair:4:   regret_index_tunnel_blossom, minmay_snake_entry_guardpost_small
Lair:6:   grunt_lair_end_beastmaster, slime_altar_2, grunt_megastairs_2,
          uniq_rupert
Snake:1:  uniq_azrael, uniq_aizul
Snake:2:  basic_altar, serial_shops, shop, uniq_donald
Snake:3:  spider_trap
Orc:2:    pf_orc_diabolical
Elf:1:    serial_shops, shop, orc_legates, minmay_shop_grove
IceCv:    ice_cave_small_dragons

Skill      XL: |  1  2  3  4  5  6  7  8  9 10 11 12 13 14 15 |
---------------+----------------------------------------------+-----
Unarmed Combat | 2 3 4 5 6 9 10 11 12 | 12.0
Hexes          | 5 8 10 12 | 12.0
Stealth        | 5 10 8 9 | 10.3
Fighting       | 1 2 4 5 6 8 10 | 10.0
Dodging        | 4 9 12 13 | 13.5
Spellcasting   | 4 5 6 7 |  7.0
Invocations    | 6 9 10 | 10.0
Transmutations | 4 12 14 | 14.0
Earth Magic    | 10 9 | 10.3
Conjurations   | 9 8 |  9.6

Action                   |  1- 3 |  4- 6 |  7- 9 | 10-12 | 13-15 || total
-------------------------+-------+-------+-------+-------+-------++-------
Melee: Unarmed           |   117 |   188 |   385 |   819 |  2217 ||  3726
       Bite              |     9 |    10 |    40 |    79 |   223 ||   361
       Punch             |     1 |     5 |    13 |    37 |    99 ||   155
 Cast: Corona            |     9 |       |       |       |       ||     9
       Ensorcelled Hiber |    21 |    38 |    27 |    10 |    10 ||   106
       Confuse           |       |     1 |    16 |    26 |    86 ||   129
       Confusing Touch   |       |     7 |    43 |   136 |   154 ||   340
       Tukima's Dance    |       |       |     5 |    11 |   126 ||   142
       Statue Form       |       |       |       |       |    35 ||    35
       Dazzling Spray    |       |       |       |       |    21 ||    21
       Iron Shot         |       |       |       |       |     8 ||     8
       Stone Arrow       |       |       |       |       |     2 ||     2
Invok: Evolution         |       |       |     2 |    17 |    51 ||    70
       Growth            |       |       |       |     1 |     2 ||     3
       Fungal Bloom      |       |       |       |       |    76 ||    76
 Abil: Evoke Flight      |       |       |       |       |     1 ||     1
Evoke: Wand              |       |       |       |     1 |     5 ||     6
  Use: Scroll            |     2 |    11 |     8 |    15 |    21 ||    57
       Potion            |     1 |     1 |     1 |     3 |     8 ||    14
 Stab: Sleeping          |    21 |    29 |    24 |    38 |    40 ||   152
       Distracted        |     1 |     2 |     3 |       |     9 ||    15
       Confused          |       |     6 |    44 |    97 |   138 ||   285
       Invisible         |       |       |       |       |     6 ||     6
  Eat: Chunk             |     8 |     6 |    16 |    26 |    54 ||   110
       Royal jelly       |       |       |       |       |     2 ||     2
       Beef jerky        |       |       |       |       |     2 ||     2
       Pizza             |       |       |       |       |     1 ||     1
Armor: Skin              |     3 |    13 |     5 |     9 |   236 ||   266
Dodge: Dodged            |    89 |   134 |   228 |   559 |  2538 ||  3548
